AoeStats
← Alberto

Arena

508555801Analyzed
1v1 RM · 9d ago on Sep 23, 2026· 45m 20s· 2 players
Game mode
Random Map
Map size
Tiny (2 player)
Population
200
Speed
Normal
Resources
Standard
Victory
Conquest
Starting age
Dark Age
Ending age
Imperial Age
RankedLock teamsTeams togetherTeam positionsShared explorationLock speedFull tech treeHidden civsTurbo modeCheats
Victory
Defeat
🇪🇸 Turks · Spain
774
+17
🇵🇪 Franks · Peru
800
-17
Alberto
11:02 Feudal Age
11:28 Double-Bit Axe
11:24 Horse Collar
11:57 Gold Mining
19:12 Castle Age
17:23 Stone Mining
20:00 Wheelbarrow
23:13 Padded Archer Armor
25:38 Gold Shaft Mining
26:23 Leather Archer Armor
33:02 Hand Cart
33:13 Hand Cart
33:26 Heavy Plow
38:20 Imperial Age
41:44 Ring Archer Armor
41:06 Elite Janissary
Retired Big Boss
12:01 Feudal Age
13:17 Double-Bit Axe
16:49 Castle Age
16:24 Wheelbarrow
20:06 Forging
23:46 Husbandry
24:46 Scale Barding Armor
32:51 Imperial Age
31:34 Gold Mining
31:58 Bow Saw
32:53 Hand Cart
34:06 Cavalier
37:22 Chain Barding Armor
40:47 Crossbowman
40:51 Elite Skirmisher
42:27 Conscription
43:11 Plate Barding Armor
Connection lost

Rejoining the realm…

Still unreachable

The connection could not be restored.

Session expired

The server has moved on; the page needs a fresh start.